 Dungeon Crawl Stone Soup version 0.19-a0-1834-g6b7851e (webtiles) character file.

799 Alarkh the Magician (level 7, -5/46 HPs)
             Began as a Mummy Fire Elementalist on Oct 9, 2016.
             Was a Believer of Okawaru.
             Slain by a hellwing (8 damage)
             ... created by the fury of Makhleb
             ... on level 5 of the Dungeon.
             The game lasted 00:07:43 (4830 turns).

Alarkh the Magician (Mummy Fire Elementalist)       Turns: 4830, Time: 00:07:43

Health: -5/46      AC:  9    Str: 11    XL:     7   Next: 59%
Magic:  1/14       EV: 11    Int: 16    God:    Okawaru [**....]
Gold:   243        SH:  0    Dex: 13    Spells: 4 memorised, 5 levels left

rFire  x . .     SeeInvis .     a - +0 long sword
rCold  + . .     Gourm    .     j - +3 leather armour
rNeg   + + +     Faith    .     (no shield)
rPois  ∞         Spirit   .     c - +0 helmet
rElec  .         Dismiss  .     w - +0 cloak
rCorr  .         Reflect  .     (no gloves)
MR     +....     Harm     .     e - +0 pair of boots
Stlth  ++........               (no amulet)
                                (no ring)
                                g - ring of protection from magic

@: very slightly contaminated
A: no food or potions, fire vulnerability, cold resistance 1, negative energy
resistance 3, torment resistance, unbreathing
a: Heroism, Renounce Religion


You were on level 5 of the Dungeon.
You worshipped Okawaru.
Okawaru was pleased with you.
You were not hungry.

You visited 2 branches of the dungeon, and saw 7 of its levels.

You collected 265 gold pieces.
You spent 22 gold pieces at shops.

Inventory:

Hand Weapons
 a - a +0 long sword (weapon)
 h - a +0 short sword
 m - a +2 long sword of holy wrath
 s - a +0 falchion
Armour
 c - a +0 helmet (worn)
 e - a +0 pair of boots (worn)
 i - a +0 robe
 j - a +3 leather armour (worn)
 w - a +0 cloak (worn)
Magical Staves
 q - an uncursed staff of poison
Jewellery
 g - a ring of protection from magic (left hand)
 v - an uncursed ring of ice
Wands
 t - a wand of iceblast (5/15)
Scrolls
 d - 3 scrolls of teleportation
 f - 2 scrolls of remove curse
 k - a scroll of amnesia {unknown}
 l - a scroll of blinking {unknown}
 n - a scroll of fear {unknown}
 o - a scroll of random uselessness {unknown}
 p - a scroll of holy word {unknown}
 r - a scroll of recharging {unknown}
 u - 2 scrolls of identify
Books
 b - a book of Flames

   Spells                             Type                      Level
   a - Flame Tongue                   Conjuration/Fire             1
   b - Throw Flame                    Conjuration/Fire             2
   c - Conjure Flame                  Conjuration/Fire             3
   d - Inner Flame                    Hexes/Fire                   3
   e - Sticky Flame                   Conjuration/Fire             4
   f - Fireball                       Conjuration/Fire             5


   Skills:
 * Level 1.4 Long Blades
 - Level 1.5 Dodging
 - Level 1.5 Stealth
 + Level 4.8 Spellcasting
 + Level 4.0 Conjurations
 + Level 4.4 Fire Magic


You had 5 spell levels left.
You knew the following spells:

 Your Spells              Type           Power        Failure   Level  Hunger
a - Flame Tongue          Conj/Fire      ###..        4%          1    N/A
b - Throw Flame           Conj/Fire      ###...       8%          2    N/A
c - Sticky Flame          Conj/Fire      ###.....     41%         4    N/A
e - Conjure Flame         Conj/Fire      ###.....     14%         3    N/A

Dungeon Overview and Level Annotations

Branches:
Dungeon (6/15)             Temple (1/1) D:5

Altars:
Ashenzari
Cheibriados
Dithmenos
Elyvilon
Fedhas
Gozag
Hepliaklqana
Kikubaaqudgha
Makhleb
Nemelex Xobeh
Okawaru
Qazlal
Uskayaw
Vehumet
Xom
Yredelemnul
Zin
The Shining One

Shops:
D:4 ?   D:6 [


Innate Abilities, Weirdness & Mutations

You do not eat or drink.
Your flesh is vulnerable to fire.
You are immune to poison.
Your flesh is cold resistant. (rC+)
You are immune to negative energy. (rN+++)
You are immune to unholy pain and torment.
You can survive without breathing.


Message History

The hellwing burns!
The hellwing burns!
The hellwing burns!
The hellwing swoops through the air toward you!
The hellwing hits you!
* * * LOW HITPOINT WARNING * * *
The hellwing hits you.
* * * LOW HITPOINT WARNING * * *
The hellwing burns!
The hellwing stops burning.
Casting: Sticky Flame
Confirm with . or Enter, or press ? or * to list all spells.
Aiming: Sticky Flame
Press: ? - help, Shift-Dir - straight line, f/p - hellwing
Aim: a hellwing (heavily wounded, durably summoned)
You miscast Sticky Flame.
Your skin glows momentarily.
The hellwing misses you. The hellwing hits you!
* * * LOW HITPOINT WARNING * * *
The hellwing swoops through the air toward you!
The hellwing hits you!
You die...

.........# #..#
#.#.........##.#
.........# ##.##
#.#.[.......##.#
.).......# #..#
#.#.........##.#
.........#
#..###.#.##########.#
.........####...##.#.#
#.#
##.##................#
#.#
#...##..#####.#..#.###
#.# .....##.#
#.#<.#.####### ###.#
......#.#
#.#.@#.##....####.#†#
.._.....#
#.#.4...'....'....#.#
......###
#.###..##....####.#.#
.....## #.# #..##....#
#.#.# #...###
#.###..####### #.#.#
##.##.# #.....># #.#.#
......# ########
######.#.# ......#
#......#.# ......#
##.######.#


You could see a hellwing.

Vanquished Creatures
  2 ice beasts
  A sky beast (D:6)
  2 scorpions (D:5)
  4 hounds
  2 orc priests (D:5)
  A bullfrog skeleton (D:4)
  An iguana (D:6)
  A worker ant (D:5)
  7 adders
  An ooze (D:2)
  A dart slug (D:2)
  3 leopard geckos
  18 orcs
  10 bats
  7 hobgoblins
  8 jackals
  A quokka (D:6)
  6 frilled lizards
  8 goblins
  8 kobolds
  11 rats
103 creatures vanquished.

Notes
Turn   | Place    | Note
-------+----------+-------------------------------------------
     0 | D:1      | Alarkh the Mummy Fire Elementalist began the quest for the Orb.
     0 | D:1      | Reached XP level 1. HP: 13/13 MP: 3/3
   244 | D:1      | Reached skill level 1 in Conjurations
   465 | D:1      | Reached XP level 2. HP: 19/19 MP: 0/5
  1046 | D:2      | Found a sparkling altar of Nemelex Xobeh.
  1061 | D:2      | Reached XP level 3. HP: 24/24 MP: 1/6
  1296 | D:2      | Learned a level 3 spell: Conjure Flame
  1299 | D:2      | Learned a level 2 spell: Throw Flame
  1468 | D:2      | Found a snail-covered altar of Cheibriados.
  2069 | D:2      | Reached XP level 4. HP: 14/30 MP: 0/8
  2271 | D:3      | Found a faded altar of an unknown god.
  2325 | D:3      | Became a worshipper of Makhleb the Destroyer
  2325 | D:3      | Reached * piety under Makhleb
  2382 | D:3      | Found a blossoming altar of Fedhas.
  2382 | D:3      | Found a radiant altar of Vehumet.
  2383 | D:3      | Found a glowing golden altar of the Shining One.
  2410 | D:3      | Found a shadowy altar of Dithmenos.
  2621 | D:4      | Found Nehelaf's Magic Scroll Boutique.
  2623 | D:4      | Bought a scroll of identify for 22 gold pieces
  2790 | D:4      | Found an iron altar of Okawaru.
  2804 | D:4      | Fell from the grace of Makhleb
  2804 | D:4      | Became a worshipper of Warmaster Okawaru
  2864 | D:4      | Reached XP level 5. HP: 23/35 MP: 8/10
  2932 | D:4      | Noticed a neqoxec
  2960 | D:5      | Entered Level 5 of the Dungeon
  3005 | D:5      | Found a burning altar of Makhleb.
  3048 | D:5      | Found a staircase to the Ecumenical Temple.
  3137 | Temple   | Entered the Ecumenical Temple
  3369 | D:5      | Noticed an ice beast
  3376 | D:5      | Killed an ice beast
  3376 | D:5      | Reached * piety under Okawaru
  3376 | D:5      | Reached XP level 6. HP: 41/41 MP: 5/12
  4080 | D:6      | Noticed an ice beast
  4086 | D:6      | Killed an ice beast
  4086 | D:6      | Reached XP level 7. HP: 46/46 MP: 2/13
  4146 | D:6      | Reached ** piety under Okawaru
  4209 | D:6      | Noticed a ynoxinul
  4265 | D:5      | Learned a level 4 spell: Sticky Flame
  4358 | D:6      | Reached skill level 1 in Long Blades
  4584 | D:6      | Found Cug Xenoy's Armour Boutique.
  4779 | D:5      | Noticed a hellwing
  4830 | D:5      | Slain by a hellwing

Vault maps used:
D:1:      dpeg_arrival_fog
D:2:      old_standard_altar, cheibriados_altar_1
D:3:      nicolae_overflow_quartered_altars, ecumenical_altar_1
D:4:      old_standard_altar, first_bread, serial_shops, shop
D:5:      lemuel_round_altar
D:6:      serial_shops, shop
Temple:   jpeg_temple_alley_garden

Skill      XL: |  1  2  3  4  5  6  7 |
---------------+----------------------+-----
Conjurations   | 1 2 3 4 |  4.0
Spellcasting   | 3 4 |  4.8
Fire Magic     | 3 4 |  4.4
Long Blades    | 1 |  1.4
Dodging        | |  1.5
Stealth        | |  1.5

Action                   |  1- 3 |  4- 6 |  7- 9 || total
-------------------------+-------+-------+-------++-------
Melee: Unarmed           |    14 |       |       ||    14
       Short sword       |     6 |       |       ||     6
       Falchion          |     2 |     1 |       ||     3
       Long sword        |       |    12 |    29 ||    41
 Cast: Flame Tongue      |    85 |    98 |    33 ||   216
       Sticky Flame      |       |       |     3 ||     3
       Conjure Flame     |       |       |     1 ||     1
  Use: Scroll            |     1 |     3 |       ||     4
Armor: Robe              |    14 |       |       ||    14
       Leather armour    |    18 |    31 |    39 ||    88
Dodge: Dodged            |    56 |    38 |    46 ||   140
       Rpst.: Falchion   |     6 |     4 |       ||    10
       Long sword        |       |    14 |     9 ||    23
